cohdb
Replays
Latest Replays
All Replays
Popular Replays
Top Player Replays
Match Explorer
How It Works
Community
CoH3 Stats
Reddit
Sign in to upload your games and track your stats! →
Sign in with Steam
Match 39082601
Unlisted
Match 39082601
Overview
Messages
Build Orders
End
Selects Breakthrough Battlegroup
Selects Assault Grenadiers
Construct Infanterie Kompanie
Grenadier Squad
Grenadier Squad
MG 42 Machine Gun Team
Grenadier Squad
Construct Panzergrenadier Kompanie
Panzergrenadier Squad
Selects Smoke Bombing Run
Medical Station
Support Elements
StuG III G Assault Gun
Selects Mechanized Assault Group
StuG III G Assault Gun
Construct Panzer Kompanie
Nebelwerfer 42 Rocket Launcher Team
Selects 2.5-tonne Cargo Truck
Selects Blitzkrieg
Sturmpanzer IV Brummbär
Panzer IV Medium Tank
Blitzkrieg
WadoVice
matthew.bedford
0
0
Comments
sign in to comment!
No comments posted yet!